 Dungeon Crawl Stone Soup version 0.31-a0-536-ga3e2962e35 (webtiles) character file.

Game seed: 17611650811337040593

9 BritishOli the Trooper (level 2, 24/24 HPs)
             Began as a Demonspawn Fighter on Aug 13, 2023.
             Got out of the dungeon alive.
             The game lasted 00:00:24 (310 turns).

BritishOli the Trooper (Demonspawn Fighter)          Turns: 310, Time: 00:00:25

Health: 24/24      AC:  6    Str: 16    XL:     2   Next: 6%
Magic:  2/2        EV:  8    Int:  9    God:
Gold:   15         SH:  4    Dex: 12    Spells: 1/1 levels left

rFire   . . .        a - +0 war axe
rCold   . . .        c - +0 buckler
rNeg    . . .        b - +0 scale mail
rPois   .            (no helmet)
rElec   .            (no cloak)
rCorr   .            (no gloves)
SInv    .            (no boots)
Will    .....        (no amulet) Stlth
                     (no ring)
HPRegen 0.24/turn    (no ring)
MPRegen 0.08/turn

%: no passive effects
@: no status effects
A: powered by pain 1
a: no special abilities


You escaped.
You visited 1 branch of the dungeon, and saw 1 of its levels.

You collected 15 gold pieces.

Inventory:

Hand Weapons
 a - a +0 war axe (weapon)
Armour
 b - a +0 scale mail (worn)
 c - a +0 buckler (worn)
Scrolls
 e - 2 scrolls of identify {unknown}
 f - a scroll of immolation {unknown}
 g - a scroll of enchant weapon {unknown}
 h - a scroll of fog {unknown}
 i - a scroll of blinking {unknown}
Potions
 d - a potion of might


   Skills:
 + Level 3.1 Fighting
 + Level 2.0 Axes
 + Level 2.8 Armour
 + Level 2.8 Shields


You had one spell level left.
You didn't know any spells.
Your spell library contained the following spells:

 Spells                   Type           Power      Damage    Failure   Level
 Blink                    Tloc           0%         N/A       96%         2
 Manifold Assault         Tloc           0%         N/A       100%        4


Dungeon Overview and Level Annotations

Branches:
Dungeon (1/15)

Altars:


Innate Abilities, Weirdness & Mutations

You sometimes gain a little power by taking damage.


Message History

The quokka bites you. x2
There are monsters nearby!
You are too injured to fight recklessly!
There are monsters nearby!
You are too injured to fight recklessly!
There are monsters nearby!
You are too injured to fight recklessly!
There are monsters nearby!
You are too injured to fight recklessly!
Unknown command.
You are too injured to fight recklessly!
You miss the quokka.
The quokka is severely wounded.
You barely miss the quokka. The quokka barely misses you. The quokka bites you.
The quokka bites you but does no damage.
You closely miss the quokka. You completely miss the quokka.
The quokka bites you but does no damage.
The quokka bites you.
* * * LOW HITPOINT WARNING * * *
The quokka bites you.
* * * LOW HITPOINT WARNING * * *
The quokka bites you but does no damage.
You slash the quokka!
You kill the quokka!
You slash the quokka!
You kill the quokka!
Your Axes skill increases to level 2!
You have reached level 2!
Your demonic ancestry asserts itself...
You feel energised by your suffering.
i - a scroll labelled AMPOMNOAMN
Okay, then.
Okay, then.
There is a stone staircase leading down here.
You see here a +0 whip.
You see here a +0 spear.
There is a staircase leading out of the dungeon here.
Alright, then stay!
Unknown command.
You have escaped!

#.......§§§...##
....####§§§§§..##
..### ###§§§...#
.## ##§§...## ##
##.....# #
#.....# # ##....#
#....## #...@8# #
##....## #
#.....# # #.....#
.# #......# ..#
#......## ....#
........# ......
.§§....## #.....
§§.§.#


There were no monsters in sight!

Vanquished Creatures
  2 endoplasms (D:1)
  A goblin (D:1)
  A hobgoblin (D:1)
  2 quokkas (D:1)
  A bat (D:1)
  A kobold (D:1)
8 creatures vanquished.

Notes
Turn   | Place    | Note
-------+----------+-------------------------------------------
     0 | D:1      | BritishOli the Demonspawn Fighter began the quest for the
                  | Orb.
     0 | D:1      | Reached XP level 1. HP: 18/18 MP: 1/1
   154 | D:1      | Gained mutation: You sometimes gain a little power by
                  | taking damage. [demonic ancestry]
   154 | D:1      | Reached XP level 2. HP: 3/24 MP: 2/2
   310 | D:$      | Got out of the dungeon alive.

Illustrated notes

Levels and vault maps discovered:
D:1:      heliophobic_arrival_dark_side_of_the_moon, layout_rooms

Skill      XL: |  1 |
---------------+----+-----
Axes           | 2 |  2.0
Fighting       | |  3.1
Armour         | |  2.8
Shields        | |  2.8

Action                     || total
---------------------------++-------
  Melee: War axe           ||    21
 Armour: Scale mail        ||    20
  Dodge: Dodged            ||    12
  Block: Buckler           ||     6

Table legend: (Time is in decaauts)
 A = Elapsed time spent in this place.
 B = Non-inter-level travel time spent in this place.
 C = Inter-level travel time spent in this place.
 D = Time resting spent in this place.
 E = Time spent auto-exploring this place.
 F = Levels seen in this place.
 G = Mean time per level.
                   A        B        C        D        E       F      G
               +--------+--------+--------+--------+--------+-----+--------+
         Total |    319 |    259 |     60 |      0 |    197 |   1 |  319.0 |
       Dungeon |    319 |    259 |     60 |      0 |    197 |   1 |  319.0 |
               +--------+--------+--------+--------+--------+-----+--------+

Top non-repeatable levels by time:
     D:1: 319 daAuts
